 Dungeon Crawl Stone Soup version 0.28-a0-29-g0adfcbbeba (webtiles) character file.

Game seed: 9852879108597283241

2359 Conn the Firebug (level 9, -3/53 HPs)
             Began as an Octopode Fire Elementalist on July 27, 2021.
             Was a Follower of Sif Muna.
             Slain by a water moccasin zombie (7 damage)
             ... on level 7 of the Dungeon.
             The game lasted 00:19:15 (9200 turns).

Conn the Firebug (Octopode Fire Elementalist)       Turns: 9200, Time: 00:19:16

Health: -3/53      AC:  1    Str:  7    XL:     9   Next: 44%
Magic:  25/26      EV: 14    Int: 21    God:    Sif Muna [*.....]
Gold:   197        SH:  0    Dex: 18    Spells: 1/19 levels left

rFire   . . .      SeeInvis +   r - +4 long sword of Juqeg {vorpal, rN+ Will++ SInv}
rCold   . . .      Faith    .   (no shield)
rNeg    + . .      Spirit   .   (helmet restricted)
rPois   .          Reflect  .   (no amulet)
rElec   .          Harm     .   f - +6 ring of dexterity
rCorr   .          Rampage  .   a - +4 ring of slaying
Will    ++...                   j - ring of magical power
Stlth   ++++......              (no ring)
HPRegen 0.17/turn               (no ring)
MPRegen 0.20/turn               (no ring)
                                (no ring)
                                (no ring)

@: no status effects
A: almost no armour, amphibious, 8 rings, camouflage 1, gelatinous body 1,
(nimble swimmer 1), tentacles
a: Renounce Religion, Channel Magic


You were on level 7 of the Dungeon.
You worshipped Sif Muna.
Sif Muna was aware of your devotion.
You visited 2 branches of the dungeon, and saw 8 of its levels.

You collected 384 gold pieces.
You spent 187 gold pieces at shops.

Inventory:

Hand Weapons
 b - a +0 dagger
 n - a +3 quarterstaff of chaos
 r - the +4 long sword of Juqeg (weapon) {vorpal, rN+ Will++ SInv}
   (You bought it in a shop on level 5 of the Dungeon)

   It inflicts extra damage upon your enemies.
   rN:        It protects you from negative energy.
   SInv:      It lets you see invisible.
   Will:      It greatly increases your willpower.
Missiles
 p - 2 throwing nets
Magical Staves
 u - a staff of cold
Jewellery
 a - a +4 ring of slaying (right tentacle)
 f - a +6 ring of dexterity (left tentacle)
 j - a ring of magical power (on tentacle)
 t - a ring of ice
Wands
 i - a wand of iceblast (8)
 q - a wand of paralysis (9)
Scrolls
 c - 2 scrolls of immolation {unknown}
 d - a scroll of enchant armour
 l - 2 scrolls of amnesia {unknown}
 v - 2 scrolls of identify
Potions
 e - 2 potions of curing
 g - a potion of flight
 h - 2 potions of might
 k - a potion of brilliance
 m - a potion of attraction {unknown}
 s - a potion of resistance {unknown}


   Skills:
 + Level 1.4 Fighting
 + Level 0.2(1.0) Short Blades
 + Level 1.5 Long Blades
 + Level 1.7 Staves
 + Level 2.9 Dodging
 + Level 5.3 Stealth
 + Level 5.8 Spellcasting
 * Level 6.3 Conjurations
 + Level 0.5 Hexes
 * Level 7.4 Fire Magic
 * Level 0.7 Invocations


You had one spell level left.
You knew the following spells:

 Your Spells              Type           Power      Damage    Failure   Level
a - Foxfire               Conj/Fire      100%       2x1d9     1%          1
b - Conjure Flame         Conj/Fire      35%        6-21      1%          3
c - Inner Flame           Hex/Fire       22%        N/A       6%          3
d - Sticky Flame          Conj/Fire      35%        2d5       6%          4
e - Fireball              Conj/Fire      17%        3d9       16%         5
f - Searing Ray           Conj           64%        3d5       1%          2

Your spell library contained the following spells:

 Spells                   Type           Power      Damage    Failure   Level
 Magic Dart               Conj           100%       1d8       1%          1
 Beastly Appendage        Tmut           12%        N/A       10%         1
 Wereblood                Tmut           6%         N/A       16%         2
 Fulminant Prism          Conj/Hex       10%        3d9       24%         4
 Iskenderun's Mystic Bla  Conj/Tloc      19%        2d6       26%         4
 Spider Form              Tmut/Pois      3%         N/A       30%         3
 Lee's Rapid Deconstruct  Erth           3%         3d6*      95%         5


Dungeon Overview and Level Annotations

Branches:
Dungeon (7/15)             Temple (1/1) D:4

Altars:
Ashenzari
Cheibriados
Dithmenos
Elyvilon
Fedhas
Gozag
Hepliaklqana
Kikubaaqudgha
Makhleb
Nemelex Xobeh
Okawaru
Qazlal
Ru
Sif Muna
Trog
Uskayaw
Vehumet
Wu Jian
Xom
Yredelemnul
Zin
The Shining One
Beogh

Shops:
D:2 (   D:5 (

Annotations:
D:7 Harold


Innate Abilities, Weirdness & Mutations

You cannot wear most types of armour.
You are amphibious.
You can wear up to eight rings at the same time.
Your skin changes colour to match your surroundings (Stealth+).
Your rubbery body absorbs attacks. (AC +1, EV +1)
((You are camouflaged near water. (Stealth+)))
You have tentacles for arms and can constrict up to eight enemies at once.


Message History

The poisoned dart hits you!
You are poisoned.
Casting: Foxfire (safe; 1% risk of failure)
Confirm with . or Enter, or press ? or * to list all spells.
You conjure some foxfire!
You feel very sick.
The water moccasin zombie completely misses you.
The foxfire hits the kobold brigand.
You kill the kobold brigand!
Sif Muna accepts your kill. The water moccasin zombie bites you.
You feel sick.
The foxfire hits the water moccasin zombie.
The water moccasin zombie is moderately damaged.
The water moccasin zombie closely misses you.
You feel sick.
You feel sick.
You feel sick.
You feel sick. The water moccasin zombie bites you.
You feel sick.
Found a potion of curing.
You feel sick.
You feel sick.
You are no longer poisoned.
The water moccasin zombie closely misses you.
Harold fires a harpoon shot at you. The harpoon shot hits you.
You are yanked forward by the harpoon shot.
The water moccasin zombie misses you.
Harold hits you from afar with a +0 halberd!!
* * * LOW HITPOINT WARNING * * *
Okay, then.
Okay, then.
Okay, then.
Okay, then.
As you read the scroll of fear, it crumbles to dust.
You assume a fearsome visage.
The water moccasin zombie is unaffected.
Harold looks frightened!
The water moccasin zombie bites you!
You die...

............#
#####..#####
........##..### ##.#
......#..#....## .#
.#....##.##.#.># #
.........##..#.#
#######...##.#.## #
#...##.#..## ##
##.........### ##
.########..#.#.Z@..#...#
).......................
.######.####.###@##.#.##
...# #.####.###.##.#.#
.#.# #...............#
...# #.##.###.##.#.#.#
#..# #......@......#
#..# ##.##.#.##.#.#.#
#..##..##...)....#!..


You could see Harold (fleeing) and a water moccasin zombie.

Vanquished Creatures
  Duvessa (D:5)
  2 orc warriors
  3 ogres (D:5)
  2 black bears
  A centaur (D:7)
  2 phantoms
  2 kobold brigands
  A bullfrog (D:6)
  A scorpion (D:7)
  2 water moccasin zombies (D:5)
  Dowan (D:5)
  3 howler monkeys (D:7)
  2 centaur skeletons
  7 hounds
  A jelly (D:7)
  3 orc priests
  Crazy Yiuf (D:4)
  A bullfrog skeleton (D:5)
  2 iguanas
  4 orc wizards (D:5)
  2 hound skeletons
  A howler monkey skeleton (D:6)
  3 gnolls (D:2)
  7 adders
  A white imp (D:5)
  An adder zombie (D:5)
  2 worms
  2 dart slugs
  27 orcs
  10 endoplasms
  2 giant cockroaches
  4 goblins
  4 hobgoblins
  5 quokkas
  4 ball pythons
  4 bats
  2 frilled lizards
  12 kobolds
  9 rats
  A spectral orc (D:6)
145 creatures vanquished.

Vanquished Creatures (collateral kills)
  5 foxfires (D:6)
5 creatures vanquished.

Vanquished Creatures (others)
  2 orcs (D:5)
  547 foxfires
  3 fungi (D:4)
  6 plants (D:6)
558 creatures vanquished.

Grand Total: 708 creatures vanquished

Notes
Turn   | Place    | Note
-------+----------+-------------------------------------------
     0 | D:1      | Conn the Octopode Fire Elementalist began the quest for the
                  | Orb.
     0 | D:1      | Reached XP level 1. HP: 11/11 MP: 3/3
     6 | D:1      | Noticed a swamp worm
     6 | D:1      | Noticed a hound
     7 | D:1      | Noticed an anaconda
     7 | D:1      | Noticed a six-headed hydra
   165 | D:1      | Reached XP level 2. HP: 17/17 MP: 0/5
   858 | D:1      | Reached XP level 3. HP: 21/21 MP: 6/6
   956 | D:1      | Learned a level 3 spell: Conjure Flame
  1403 | D:2      | Reached XP level 4. HP: 27/27 MP: 1/7
  1681 | D:2      | Found Naop's Antique Weapon Shoppe.
  2938 | D:3      | Reached XP level 5. HP: 31/31 MP: 6/9
  3347 | D:4      | Found a staircase to the Ecumenical Temple.
  3356 | Temple   | Entered the Ecumenical Temple
  3458 | Temple   | Became a worshipper of Sif Muna the Loreminder
  3615 | D:4      | Noticed a phantom
  3628 | D:4      | Killed a phantom
  3629 | D:4      | Reached skill level 4 in Fire Magic
  3629 | D:4      | Reached XP level 6. HP: 27/37 MP: 10/10
  3804 | D:4      | Learned a level 4 spell: Sticky Flame
  4603 | D:4      | Found a runed translucent door.
  4604 | D:4      | Noticed Crazy Yiuf
  4611 | D:4      | Learned a level 3 spell: Inner Flame
  4799 | D:4      | Killed Crazy Yiuf
  4939 | D:5      | Entered Level 5 of the Dungeon
  5058 | D:5      | Reached XP level 7. HP: 42/42 MP: 12/12
  5460 | D:5      | Found a runed translucent door.
  5481 | D:5      | Reached skill level 5 in Fire Magic
  5577 | D:5      | Noticed Duvessa
  5590 | D:5      | Killed Duvessa
  5591 | D:5      | Noticed Dowan
  5803 | D:5      | Reached skill level 1 in Fighting
  5803 | D:5      | Reached skill level 1 in Staves
  6046 | D:5      | Reached XP level 8. HP: 48/48 MP: 14/14
  6185 | D:5      | Killed Dowan
  6391 | D:5      | Reached skill level 5 in Spellcasting
  6465 | D:5      | Found Xululehut's Antique Weapon Emporium.
  6470 | D:5      | Bought an ichor-stained long sword for 187 gold pieces
  6470 | D:5      | Identified the +4 long sword of Juqeg {vorpal, rN+ Will++
                  | SInv} (You bought it in a shop on level 5 of the Dungeon)
  6720 | D:5      | Reached skill level 6 in Fire Magic
  7020 | D:5      | Reached skill level 5 in Conjurations
  7225 | D:5      | Reached * piety under Sif Muna
  7532 | D:5      | Reached skill level 5 in Stealth
  7706 | D:6      | Found a hazy altar of Hepliaklqana.
  7836 | D:6      | Reached skill level 1 in Long Blades
  7996 | D:6      | Learned a level 5 spell: Fireball
  8090 | D:6      | Reached XP level 9. HP: 53/53 MP: 17/17
  8258 | D:6      | Learned a level 2 spell: Searing Ray
  8348 | D:6      | Reached skill level 7 in Fire Magic
  8573 | D:6      | Found a burning altar of Makhleb.
  8575 | D:6      | Found a basalt altar of Yredelemnul.
  8979 | D:7      | Found a radiant altar of Vehumet.
  9183 | D:7      | Noticed Harold
  9200 | D:7      | Slain by a water moccasin zombie

Illustrated notes

Levels and vault maps discovered:
D:1:      onia_arrival_zoo_common, layout_basic
D:2:      layout_loops_ring, serial_shops, nicolae_lakefront_shop,
          serial_rivers, chequers_serial_rivers_micro_c,
          chequers_serial_rivers_micro_b, chequers_serial_rivers_micro_e,
          chequers_serial_rivers_room_b, chequers_serial_rivers_large_a,
          chequers_serial_rivers_micro_a
D:3:      layout_basic
D:4:      layout_gridville, temple_pool_b, uniq_crazy_yiuf_cottage
D:5:      layout_basic, serial_shops, shop, lightli_church_of_beogh,
          uniq_duvessa
D:6:      cheibrodos_quashed, layout_cave_pods,
          chequers_temple_overflow_statue_of_worship,
          nicolae_hepliaklqana_monster_ancestors, lexackson_kobold_supper
D:7:      layout_rooms, vehumet_crystals, minmay_diced_spiral, uniq_harold
Temple:   regret_index_temple_mists

Skill      XL: |  1  2  3  4  5  6  7  8  9 |
---------------+----------------------------+-----
Stealth        | 3 4 5 |  5.3
Conjurations   | 2 3 4 5 6 |  6.3
Spellcasting   | 3 4 5 |  5.8
Fire Magic     | 4 5 6 7 |  7.4
Fighting       | 1 |  1.4
Staves         | 1 |  1.7
Long Blades    | 1 |  1.5
Short Blades   | |  0.2
Dodging        | |  2.9
Hexes          | |  0.5
Invocations    | |  0.7

Action                   |  1- 3 |  4- 6 |  7- 9 || total
-------------------------+-------+-------+-------++-------
Melee: Dagger            |    14 |    29 |       ||    43
       Constrict         |     3 |     6 |    18 ||    27
       Unarmed           |     3 |       |       ||     3
       Tentacles         |     2 |     9 |     9 ||    20
       Quarterstaff      |       |       |    17 ||    17
       Long sword        |       |       |    44 ||    44
 Cast: Foxfire           |    53 |    91 |   168 ||   312
       Conjure Flame     |       |     1 |     9 ||    10
       Sticky Flame      |       |       |     4 ||     4
       Inner Flame       |       |       |     5 ||     5
  Use: Scroll            |       |     2 |     7 ||     9
       Potion            |       |     1 |     5 ||     6
 Stab: Sleeping          |     8 |     5 |     2 ||    15
Armor: Skin              |     2 |     1 |     3 ||     6
Dodge: Dodged            |    19 |    18 |    80 ||   117
       Rpst.: Long sword |       |       |    13 ||    13

Table legend: (Time is in decaauts)
 A = Elapsed time spent in this place.
 B = Non-inter-level travel time spent in this place.
 C = Inter-level travel time spent in this place.
 D = Time resting spent in this place.
 E = Time spent auto-exploring this place.
 F = Levels seen in this place.
 G = Mean time per level.
                   A        B        C        D        E       F      G
               +--------+--------+--------+--------+--------+-----+--------+
         Total |   9206 |   8990 |    216 |   1288 |   5547 |   8 | 1150.8 |
       Dungeon |   9082 |   8887 |    195 |   1288 |   5457 |   7 | 1297.4 |
        Temple |    123 |    102 |     21 |      0 |     90 |   1 |  123.0 |
               +--------+--------+--------+--------+--------+-----+--------+

Top non-repeatable levels by time:
     D:5: 2151 daAuts
     D:4: 2067 daAuts
     D:2: 1468 daAuts
     D:1: 1078 daAuts
     D:6: 1020 daAuts
     D:3: 795 daAuts
     D:7: 501 daAuts
  Temple: 123 daAuts
